TOP OF THE 1ST |
Ottawa Nationals batting - Pitching for Yakima Hops : RHP Oriol Razo
|
Pitching: RHP Oriol Razo
|
|
Batting: LHB Ken Stroud
|
0-0: Ball 1-0: Foul Ball, location: 2F 1-1: Foul Ball, location: 2F 1-2: Strikes out swinging
|
Batting: RHB Tomás Bermúdez
|
0-0: Called Strike 0-1: Foul Ball, location: 2F 0-2: Ball 1-2: Ball 2-2: Fly out, F9 (Flyball, 89M)
|
Batting: RHB Ron Bernard
|
0-0: Ball 1-0: Ball 2-0: Ball 3-0: Called Strike 3-1: TRIPLE (Flyball, 7D)
|
Batting: LHB José Gómez
|
0-0: Foul Ball, location: 2F 0-1: SINGLE (Groundball, 4MD) Ron Bernard scores
|
Batting: RHB Mike Jennings
|
0-0: Called Strike 0-1: Ball 1-1: Swinging Strike 1-2: Ball 2-2: Foul Ball, location: 2F 2-2: Ball 3-2: Base on Balls José Gómez to second
|
Batting: LHB Jesús Mancía
|
0-0: Called Strike 0-1: Called Strike 0-2: Ground out 1-3 (Groundball, P)
|
Top of the 1st over - 1 run, 2 hits, 0 errors, 2 left on base; Ottawa 1 - Yakima 0 |
BOTTOM OF THE 1ST |
Yakima Hops batting - Pitching for Ottawa Nationals : LHP Francisco Jiménez
|
Pitching: LHP Francisco Jiménez
|
|
Batting: SHB José Ángel
|
0-0: Ball 1-0: DOUBLE (Line Drive, 9LM)
|
Batting: RHB Colin O'Connell
|
0-0: Ball José Ángel steals 3rd base 1-0: Ball 2-0: SINGLE (Line Drive, 5D) José Ángel scores
|
Batting: SHB Adam Staats
|
0-0: Swinging Strike 0-1: Ball 1-1: Foul Ball, location: 2F 1-2: Grounds into double play, 6-4-3 (Groundball, 6)
|
Batting: RHB Jud Regan
|
0-0: Ball 1-0: Ball 2-0: Called Strike 2-1: Ball 3-1: Base on Balls
|
Batting: RHB Carl Herbert
|
0-0: Ball 1-0: SINGLE (Line Drive, 6M) Jud Regan to second
|
Batting: RHB Luis Rodríguez
|
0-0: Called Strike 0-1: Ball 1-1: Ball 2-1: Swinging Strike 2-2: Strikes out swinging
|
Bottom of the 1st over - 1 run, 3 hits, 0 errors, 2 left on base; Ottawa 1 - Yakima 1 |
TOP OF THE 2ND |
Ottawa Nationals batting - Pitching for Yakima Hops : RHP Oriol Razo
|
Batting: RHB Jorge Cortés
|
0-0: Called Strike 0-1: Foul Ball, location: 2F 0-2: Strikes out swinging
|
Batting: RHB Eduardo Morales
|
0-0: Ball 1-0: Called Strike 1-1: Foul Ball, location: 2F 1-2: Ball 2-2: DOUBLE (Flyball, 78D)
|
Batting: RHB Juan González
|
0-0: Ball 1-0: Ground out 5-3 (Groundball, 5)
|
Batting: LHB Ken Stroud
|
0-0: Foul Ball, location: 2F 0-1: Foul Ball, location: 2F 0-2: Ground out 4-3 (Groundball, 34D)
|
Top of the 2nd over - 0 runs, 1 hit, 0 errors, 1 left on base; Ottawa 1 - Yakima 1 |
BOTTOM OF THE 2ND |
Yakima Hops batting - Pitching for Ottawa Nationals : LHP Francisco Jiménez
|
Batting: RHB Mark Finney
|
0-0: Ball 1-0: Called Strike 1-1: Foul Ball, location: 2F 1-2: Ground out 6-3 (Groundball, 6)
|
Batting: LHB Mal Wadley
|
0-0: Called Strike 0-1: Ball 1-1: Foul Ball, location: 2F 1-2: Strikes out looking
|
Batting: LHB Bob Maher
|
0-0: Ball 1-0: Called Strike 1-1: Ball 2-1: SINGLE (Groundball, 34D)
|
Batting: SHB José Ángel
|
0-0: Ball 1-0: Foul Ball, location: 2F 1-1: Reached on error, E6 (Groundball, 6) Bob Maher to second
|
Batting: RHB Colin O'Connell
|
0-0: Ball 1-0: Ball 2-0: Ball 3-0: Called Strike 3-1: Base on Balls Bob Maher to third José Ángel to second
|
Batting: SHB Adam Staats
|
0-0: Foul Ball, location: 2F 0-1: Ball 1-1: Ball 2-1: Ground out 1-3 (Groundball, 13S)
|
Bottom of the 2nd over - 0 runs, 1 hit, 1 error, 3 left on base; Ottawa 1 - Yakima 1 |
TOP OF THE 3RD |
Ottawa Nationals batting - Pitching for Yakima Hops : RHP Oriol Razo
|
Batting: RHB Tomás Bermúdez
|
0-0: Ball 1-0: Called Strike 1-1: Called Strike 1-2: Foul Ball, location: 2F 1-2: Ball 2-2: Strikes out swinging
|
Batting: RHB Ron Bernard
|
0-0: Ball 1-0: Foul Ball, location: 2F 1-1: Fly out, F8 (Line Drive, 8LD)
|
Batting: LHB José Gómez
|
0-0: Called Strike 0-1: Ball 1-1: Ball 2-1: Foul Ball, location: 2F 2-2: Ball 3-2: Fly out, F8 (Flyball, 8LM)
|
Top of the 3rd over - 0 runs, 0 hits, 0 errors, 0 left on base; Ottawa 1 - Yakima 1 |
BOTTOM OF THE 3RD |
Yakima Hops batting - Pitching for Ottawa Nationals : LHP Francisco Jiménez
|
Batting: RHB Jud Regan
|
0-0: Foul Ball, location: 2F 0-1: Foul Ball, location: 2F 0-2: Foul Ball, location: 2F 0-2: Strikes out swinging
|
Batting: RHB Carl Herbert
|
0-0: Ball 1-0: Foul Ball, location: 2F 1-1: Foul Ball, location: 2F 1-2: SINGLE (Flyball, 89M)
|
Pitching: RHP Errol Lange
|
|
Batting: RHB Luis Rodríguez
|
0-0: Called Strike 0-1: Ball 1-1: Called Strike 1-2: Strikes out swinging
|
Batting: RHB Mark Finney
|
0-0: Ball 1-0: Swinging Strike 1-1: Called Strike 1-2: Foul Ball, location: 2F 1-2: Fly out, F8 (Flyball, 8LXD)
|
Bottom of the 3rd over - 0 runs, 1 hit, 0 errors, 1 left on base; Ottawa 1 - Yakima 1 |
TOP OF THE 4TH |
Ottawa Nationals batting - Pitching for Yakima Hops : RHP Oriol Razo
|
Batting: RHB Mike Jennings
|
0-0: Called Strike 0-1: Ball 1-1: Called Strike 1-2: Strikes out swinging
|
Batting: LHB Jesús Mancía
|
0-0: Ball 1-0: SINGLE (Line Drive, 78S)
|
Batting: RHB Jorge Cortés
|
0-0: Ball Jesús Mancía steals 2nd base 1-0: Foul Ball, location: 2F 1-1: Foul Ball, location: 2F 1-2: Ground out U3 (Groundball, 34S) Jesús Mancía to third
|
Batting: RHB Eduardo Morales
|
0-0: Called Strike 0-1: Ball 1-1: Fly out, F7 (Line Drive, 7D)
|
Top of the 4th over - 0 runs, 1 hit, 0 errors, 1 left on base; Ottawa 1 - Yakima 1 |
BOTTOM OF THE 4TH |
Yakima Hops batting - Pitching for Ottawa Nationals : RHP Errol Lange
|
Batting: LHB Mal Wadley
|
0-0: Ball 1-0: Foul Ball, location: 2F 1-1: Called Strike 1-2: Ball 2-2: Strikes out swinging
|
Batting: LHB Bob Maher
|
0-0: Called Strike 0-1: Ball 1-1: Called Strike 1-2: Strikes out swinging
|
Batting: SHB José Ángel
|
0-0: Called Strike 0-1: Swinging Strike 0-2: Ball 1-2: Strikes out swinging
|
Bottom of the 4th over - 0 runs, 0 hits, 0 errors, 0 left on base; Ottawa 1 - Yakima 1 |
TOP OF THE 5TH |
Ottawa Nationals batting - Pitching for Yakima Hops : RHP Oriol Razo
|
Batting: RHB Juan González
|
0-0: Foul Ball, location: 2F 0-1: Fly out, F5 (Line Drive, 5)
|
Batting: LHB Ken Stroud
|
0-0: Ball 1-0: Called Strike 1-1: Ball 2-1: Swinging Strike 2-2: Ball 3-2: Foul Ball, location: 2F 3-2: Base on Balls
|
Batting: RHB Tomás Bermúdez
|
0-0: Fly out, F4 (Flyball, 34D)
|
Batting: RHB Ron Bernard
|
0-0: Ball 1-0: Ground out U3 (Groundball, 34)
|
Top of the 5th over - 0 runs, 0 hits, 0 errors, 1 left on base; Ottawa 1 - Yakima 1 |
BOTTOM OF THE 5TH |
Yakima Hops batting - Pitching for Ottawa Nationals : RHP Errol Lange
|
Batting: RHB Colin O'Connell
|
0-0: Ball 1-0: Fly out, F9 (Line Drive, 89S)
|
Batting: SHB Adam Staats
|
0-0: Ball 1-0: Foul Ball, location: 2F 1-1: DOUBLE (Line Drive, 9LM)
|
Batting: RHB Jud Regan
|
0-0: Called Strike 0-1: Ball 1-1: Swinging Strike 1-2: Ball 2-2: Strikes out looking
|
Batting: RHB Carl Herbert
|
0-0: Fly out, F5 (Popup, 5S)
|
Bottom of the 5th over - 0 runs, 1 hit, 0 errors, 1 left on base; Ottawa 1 - Yakima 1 |
TOP OF THE 6TH |
Ottawa Nationals batting - Pitching for Yakima Hops : RHP Oriol Razo
|
Batting: LHB José Gómez
|
0-0: Called Strike 0-1: Ball 1-1: Ball 2-1: Ball 3-1: SINGLE (Line Drive, 89S)
|
Batting: RHB Mike Jennings
|
0-0: Ball 1-0: Ball 2-0: Ball 3-0: Called Strike 3-1: Base on Balls José Gómez to second
|
Batting: LHB Jesús Mancía
|
0-0: Sac Bunt - play at first, batter OUT! 1-3 José Gómez to third Mike Jennings to second
|
Pitching: LHP Allen Duer
|
|
Batting: RHB Jorge Cortés
|
0-0: Called Strike 0-1: Ball 1-1: Swinging Strike 1-2: Ball 2-2: Strikes out looking
|
Batting: RHB Eduardo Morales
|
0-0: Called Strike 0-1: Ground out 6-3 (Groundball, 6)
|
Top of the 6th over - 0 runs, 1 hit, 0 errors, 2 left on base; Ottawa 1 - Yakima 1 |
BOTTOM OF THE 6TH |
Yakima Hops batting - Pitching for Ottawa Nationals : RHP Errol Lange
|
Batting: RHB Luis Rodríguez
|
0-0: Fly out, F3 (Popup, 3SF)
|
Batting: RHB Mark Finney
|
0-0: Called Strike 0-1: Ball 1-1: Swinging Strike 1-2: Ground out 4-3 (Groundball, 4)
|
Batting: LHB Mal Wadley
|
0-0: Ball 1-0: Called Strike 1-1: Foul Ball, location: 2F 1-2: Strikes out swinging
|
Bottom of the 6th over - 0 runs, 0 hits, 0 errors, 0 left on base; Ottawa 1 - Yakima 1 |
TOP OF THE 7TH |
Ottawa Nationals batting - Pitching for Yakima Hops : LHP Allen Duer
|
Batting: RHB Juan González
|
0-0: Ball 1-0: Ball 2-0: Called Strike 2-1: Ball 3-1: Fly out, F6 (Line Drive, 6)
|
Batting: LHB Ken Stroud
|
0-0: Ground out 5-3 (Groundball, 5)
|
Batting: RHB Tomás Bermúdez
|
0-0: Called Strike 0-1: Ball 1-1: Swinging Strike 1-2: Ball 2-2: Foul Ball, location: 2F 2-2: Ground out 6-3 (Groundball, 56)
|
Top of the 7th over - 0 runs, 0 hits, 0 errors, 0 left on base; Ottawa 1 - Yakima 1 |
BOTTOM OF THE 7TH |
Yakima Hops batting - Pitching for Ottawa Nationals : RHP Errol Lange
|
Batting: LHB Bob Maher
|
0-0: Foul Ball, location: 2F 0-1: Foul Ball, location: 2F 0-2: Ball 1-2: Foul Ball, location: 2F 1-2: Foul Ball, location: 2F 1-2: Ball 2-2: Ball 3-2: Fly out, F9 (Flyball, 89D)
|
Batting: SHB José Ángel
|
0-0: Called Strike 0-1: Called Strike 0-2: Ball 1-2: Strikes out swinging
|
Batting: RHB Colin O'Connell
|
0-0: Ball 1-0: Ground out 6-3 (Groundball, 6)
|
Bottom of the 7th over - 0 runs, 0 hits, 0 errors, 0 left on base; Ottawa 1 - Yakima 1 |
TOP OF THE 8TH |
Ottawa Nationals batting - Pitching for Yakima Hops : LHP Allen Duer
|
Batting: RHB Ron Bernard
|
0-0: Ball 1-0: Ball 2-0: Foul Ball, location: 2F 2-1: Ball 3-1: Base on Balls
|
Batting: LHB José Gómez
|
0-0: Ball 1-0: Called Strike 1-1: Foul Ball, location: 2F 1-2: Ball 2-2: Foul Ball, location: 2F 2-2: SINGLE (Groundball, 34D) Ron Bernard to second Runner from 2nd tries for 3rd, SAFE, no throw
|
Batting: RHB Mike Jennings
|
0-0: Fly out, F9 (Flyball, 9LS) Runner from 3rd tags up, OUT at HOME José Gómez to second
|
Pinch Hitting: RHB Duane Wills
|
0-0: Called Strike 0-1: Ground out 4-3 (Groundball, 4)
|
Top of the 8th over - 0 runs, 1 hit, 0 errors, 1 left on base; Ottawa 1 - Yakima 1 |
BOTTOM OF THE 8TH |
Yakima Hops batting - Pitching for Ottawa Nationals : RHP Errol Lange
|
Now at 1B: Duane Wills
|
|
Batting: SHB Adam Staats
|
0-0: Called Strike 0-1: Fly out, F6 (Popup, 6)
|
Batting: RHB Jud Regan
|
0-0: Ball 1-0: Ball 2-0: Foul Ball, location: 2F 2-1: Ball 3-1: Base on Balls
|
Pitching: RHP Nelson Cuevas
|
|
Batting: RHB Carl Herbert
|
0-0: Ball 1-0: Fly out, F8 (Line Drive, 78M)
|
Pinch Hitting: SHB José Rico
|
0-0: Ball 1-0: Foul Ball, location: 2F 1-1: Foul Ball, location: 2F 1-2: Ball 2-2: Ball 3-2: Base on Balls Jud Regan to second
|
Batting: RHB Mark Finney
|
0-0: Ball 1-0: Ball 2-0: Foul Ball, location: 2F 2-1: Ball 3-1: Base on Balls Jud Regan to third José Rico to second
|
Batting: LHB Mal Wadley
|
0-0: Called Strike 0-1: Ball 1-1: Called Strike 1-2: Ball 2-2: Fly out, F8 (Line Drive, 89D)
|
Bottom of the 8th over - 0 runs, 0 hits, 0 errors, 3 left on base; Ottawa 1 - Yakima 1 |
TOP OF THE 9TH |
Ottawa Nationals batting - Pitching for Yakima Hops : LHP Allen Duer
|
Pitching: LHP Augusto Vélez
|
|
Now at 2B: Mario Salazar
|
|
Batting: RHB Jorge Cortés
|
0-0: Ball 1-0: Ball 2-0: Ball 3-0: Called Strike 3-1: Base on Balls
|
Batting: RHB Eduardo Morales
|
0-0: Ball 1-0: Sac Bunt - play at first, batter OUT! 3-4 Jorge Cortés to second
|
Batting: RHB Juan González
|
0-0: Ball 1-0: Ball 2-0: Ground out 6-3 (Groundball, 6) Jorge Cortés to third
|
Batting: LHB Ken Stroud
|
0-0: Called Strike 0-1: Swinging Strike 0-2: Ball 1-2: Strikes out swinging
|
Top of the 9th over - 0 runs, 0 hits, 0 errors, 1 left on base; Ottawa 1 - Yakima 1 |
BOTTOM OF THE 9TH |
Yakima Hops batting - Pitching for Ottawa Nationals : RHP Nelson Cuevas
|
Batting: LHB Bob Maher
|
0-0: Foul Ball, location: 2F 0-1: Swinging Strike 0-2: Ball 1-2: Ball 2-2: Ball 3-2: Strikes out looking
|
Batting: SHB José Ángel
|
0-0: Ball 1-0: Ball 2-0: Ball 3-0: Base on Balls
|
Batting: RHB Colin O'Connell
|
0-0: Ball 1-0: Ball 2-0: SINGLE (Line Drive, 7LS) José Ángel to second
|
Batting: SHB Adam Staats
|
0-0: Ball Colin O'Connell is caught stealing 2nd base 1-0: Fly out, F9 (Flyball, 9LM)
|
Bottom of the 9th over - 0 runs, 1 hit, 0 errors, 1 left on base; Ottawa 1 - Yakima 1 |
TOP OF THE 10TH |
Ottawa Nationals batting - Pitching for Yakima Hops : LHP Augusto Vélez
|
Batting: RHB Tomás Bermúdez
|
0-0: Ball 1-0: Ball 2-0: Ball 3-0: Called Strike 3-1: Base on Balls
|
Batting: RHB Ron Bernard
|
0-0: Ball 1-0: Ball 2-0: Ball 3-0: Base on Balls Tomás Bermúdez to second
|
Batting: LHB José Gómez
|
Pickoff Throw to Second - Out! 0-0: Ball 1-0: Foul Ball, location: 2F 1-1: Fly out, F8 (Flyball, 8LD) Runner from 1st tags up, OUT at 2nd
|
Top of the 10th over - 0 runs, 0 hits, 0 errors, 0 left on base; Ottawa 1 - Yakima 1 |
BOTTOM OF THE 10TH |
Yakima Hops batting - Pitching for Ottawa Nationals : RHP Nelson Cuevas
|
Batting: RHB Jud Regan
|
0-0: Called Strike 0-1: Ball 1-1: Ball 2-1: Ball 3-1: Swinging Strike 3-2: Base on Balls
|
Batting: RHB Carl Herbert
|
0-0: Foul Ball, location: 2F 0-1: Swinging Strike 0-2: Foul Ball, location: 2F 0-2: Ball 1-2: Ball 2-2: Foul Ball, location: 2F 2-2: Fly out, F7 (Flyball, 78M)
|
Batting: RHB Mario Salazar
|
0-0: Fly out, F9 (Flyball, 89M)
|
Batting: RHB Mark Finney
|
0-0: Called Strike 0-1: Ball Jud Regan is caught stealing 2nd base
|
Bottom of the 10th over - 0 runs, 0 hits, 0 errors, 0 left on base; Ottawa 1 - Yakima 1 |
TOP OF THE 11TH |
Ottawa Nationals batting - Pitching for Yakima Hops : LHP Augusto Vélez
|
Pitching: RHP Wyatt Meek
|
|
Batting: RHB Mike Jennings
|
0-0: Ball 1-0: SINGLE (Line Drive, 78S)
|
Pinch Runner at 1st Tony Rodríguez:
|
|
Batting: RHB Duane Wills
|
0-0: Ball 1-0: Sac Bunt - play at first, batter OUT! 1-4 Tony Rodríguez to second
|
Pinch Hitting: LHB Carlos Cirilli
|
0-0: Intentional Walk
|
Batting: RHB Eduardo Morales
|
0-0: Ball 1-0: Ball 2-0: Called Strike 2-1: Swinging Strike 2-2: Ball 3-2: Foul Ball, location: 2F 3-2: Strikes out swinging
|
Batting: RHB Juan González
|
0-0: Ball 1-0: Ball 2-0: Called Strike 2-1: Fly out, F8 (Line Drive, 8LD)
|
Top of the 11th over - 0 runs, 1 hit, 0 errors, 2 left on base; Ottawa 1 - Yakima 1 |
BOTTOM OF THE 11TH |
Yakima Hops batting - Pitching for Ottawa Nationals : RHP Nelson Cuevas
|
Now at SS: Tristan Shanks
|
|
Now in RF: Tony Rodríguez
|
|
Batting: RHB Mark Finney
|
0-0: Called Strike 0-1: Fly out, F7 (Flyball, 7)
|
Batting: LHB Mal Wadley
|
0-0: Hit by Pitch
|
Pitching: LHP Ken Clarke
|
|
Pinch Hitting: RHB Javier Carretero
|
0-0: Called Strike 0-1: Swinging Strike 0-2: Fly out, F8 (Flyball, 8LD)
|
Batting: SHB José Ángel
|
0-0: Called Strike 0-1: Foul Ball, location: 2F 0-2: Foul Ball, location: 2F 0-2: SINGLE (Flyball, 89M) Mal Wadley to second Runner from 2nd tries for 3rd, SAFE, throw made to third
|
Batting: RHB Colin O'Connell
|
0-0: Ball 1-0: Swinging Strike 1-1: Foul Ball, location: 2F 1-2: Ball 2-2: Foul Ball, location: 2F 2-2: Strikes out looking
|
Bottom of the 11th over - 0 runs, 1 hit, 0 errors, 2 left on base; Ottawa 1 - Yakima 1 |
TOP OF THE 12TH |
Ottawa Nationals batting - Pitching for Yakima Hops : RHP Wyatt Meek
|
Now at 1B: Arturo Urquiza
|
|
Batting: LHB Ken Stroud
|
0-0: Ball 1-0: Called Strike 1-1: Ball 2-1: Ball 3-1: Base on Balls
|
Batting: RHB Tomás Bermúdez
|
0-0: Ball 1-0: Bunted foul 1-1: Called Strike Ken Stroud steals 2nd base 1-2: Strikes out swinging
|
Batting: RHB Ron Bernard
|
0-0: Called Strike 0-1: Ball 1-1: Called Strike 1-2: Ball Wild Pitch! Ken Stroud to third 2-2: Fly out, F9 (Flyball, 89D) Runner from 3rd tags up, SCORES, throw made
|
Batting: LHB José Gómez
|
0-0: Ground out 4-3 (Groundball, 4)
|
Top of the 12th over - 1 run, 0 hits, 0 errors, 0 left on base; Ottawa 2 - Yakima 1 |
BOTTOM OF THE 12TH |
Yakima Hops batting - Pitching for Ottawa Nationals : LHP Ken Clarke
|
Batting: SHB Adam Staats
|
0-0: Ground out 6-3 (Groundball, 6)
|
Batting: RHB Jud Regan
|
0-0: Called Strike 0-1: Ball 1-1: Ball 2-1: Foul Ball, location: 2F 2-2: Fly out, F8 (Flyball, 8RXD)
|
Batting: RHB Carl Herbert
|
0-0: Ball 1-0: Ball 2-0: Ground out 6-3 (Groundball, 6M)
|
Bottom of the 12th over - 0 runs, 0 hits, 0 errors, 0 left on base; Ottawa 2 - Yakima 1 |
|